[ AOE2 MATCH · #504992739 ]
UnrankedSpanish vs Huns
Player's team · WIN
Rival team · LOSS
[ REPLAY ANALYSIS · EXTRACTED FROM THE RECORDED GAME ]
Feudal
8:53
Castle
—
Imperial
—
| APM avg | 88.0 |
| APM peak | 143 |
| eAPM avg | 26.1 |
| Villagers / military | 25 / 4 |
Focus
⚔️ 44.1% · 🌾 55.9%
Militia ×4
Feudal
8:52
Castle
—
Imperial
—
| APM avg | 75.8 |
| APM peak | 102 |
| eAPM avg | 30.5 |
| Villagers / military | 18 / 5 |
Focus
⚔️ 51.9% · 🌾 48.1%
Militia ×5
Match map
Initial resources + every placement click. Lines = walls · curves = elevation contours. ◆ gold · ⬟ stone · ● berries · ✦ relic · ◌ wall gap
Your base
wR.Prisma's base
Smoothed initial terrain · ◌ = detected wall gap · hover for details
Inputs per minute
— VIT Liereyy - - wR.Prisma
Build order — VIT Liereyy
48 actions detected in the replay
| 0:00 | Create | Villager (Male) |
| 0:00 | Create | Villager (Male) |
| 0:01 | Build | House |
| 0:02 | Build | House |
| 0:11 | Create | Villager (Male) |
| 0:11 | Create | Villager (Male) |
| 1:22 | Create | Villager (Male) |
| 1:23 | Create | Villager (Male) |
| 1:48 | Build | Lumber Camp |
| 1:54 | Create | Villager (Male) |
| 2:12 | Create | Villager (Male) |
| 2:13 | Create | Villager (Male) |
| 2:41 | Create | Villager (Male) |
| 2:41 | Create | Villager (Male) |
| 2:44 | Build | House |
| 3:07 | Create | Villager (Male) |
| 3:07 | Create | Villager (Male) |
| 3:26 | Create | Villager (Male) |
| 3:26 | Create | Villager (Male) |
| 3:35 | Build | House |
| 3:49 | Create | Villager (Male) |
| 3:49 | Create | Villager (Male) |
| 3:50 | Build | Mill |
| 3:57 | Create | Villager (Male) |
| 4:20 | Create | Villager (Male) |
| 4:20 | Create | Villager (Male) |
| 5:10 | Create | Villager (Male) |
| 5:26 | Create | Villager (Male) |
| 6:10 | Research | Loom |
| 6:31 | Build | Barracks |
| 6:43 | Research | Feudal Age |
| 6:43 | Research | Feudal Age |
| 7:01 | Build | House |
| 7:13 | Create | Militia |
| 7:14 | Create | Militia |
| 7:29 | Create | Militia |
| 7:29 | Create | Militia |
| 7:48 | Build | House |
| 7:54 | Create | Villager (Male) |
| 8:09 | Build | Mining Camp |
| 8:53 | Age | Feudal Age |
| 8:54 | Research | Man-at-Arms (upgrade) |
| 8:54 | Research | Man-at-Arms (upgrade) |
| 8:55 | Research | Double-Bit Axe |
| 9:09 | Create | Villager (Male) |
| 9:39 | Create | Villager (Male) |
| 9:42 | Build | Farm |
| 9:57 | Build | Farm |
Build order — wR.Prisma
37 actions detected in the replay
| 0:01 | Create | Villager (Male) |
| 0:13 | Create | Villager (Male) |
| 0:22 | Create | Villager (Male) |
| 0:54 | Create | Villager (Male) |
| 1:25 | Create | Villager (Male) |
| 1:47 | Build | Lumber Camp |
| 1:50 | Create | Villager (Male) |
| 2:03 | Create | Villager (Male) |
| 2:25 | Create | Villager (Male) |
| 2:40 | Create | Villager (Male) |
| 3:10 | Create | Villager (Male) |
| 3:34 | Create | Villager (Male) |
| 4:20 | Create | Villager (Male) |
| 5:02 | Create | Villager (Male) |
| 5:15 | Build | Barracks |
| 5:21 | Create | Villager (Male) |
| 5:51 | Create | Villager (Male) |
| 6:04 | Build | Palisade Gate |
| 6:12 | Research | Loom |
| 6:39 | Research | Feudal Age |
| 6:39 | Research | Feudal Age |
| 7:05 | Create | Militia |
| 7:05 | Create | Militia |
| 7:08 | Build | Mining Camp |
| 7:29 | Build | Mill |
| 8:05 | Create | Militia |
| 8:05 | Create | Militia |
| 8:06 | Create | Militia |
| 8:24 | Build | Mining Camp |
| 8:39 | Create | Villager (Male) |
| 8:52 | Age | Feudal Age |
| 9:08 | Create | Villager (Male) |
| 9:10 | Build | Archery Range |
| 9:41 | Create | Villager (Male) |
| 9:50 | Build | Farm |
| 9:50 | Build | Farm |
| 9:50 | Build | Farm |
Match timeline
| 5:15 | wR.Prisma · first_building Barracks |
| 6:31 | VIT Liereyy · first_building Barracks |
| 8:52 | wR.Prisma · age_up feudal |
| 8:53 | VIT Liereyy · age_up feudal |
| 9:10 | wR.Prisma · first_building Archery Range |
| 9:58 | wR.Prisma · resign |
[ AI ANALYSIS · 1 CREDIT ]
What really happened in this match?
Wolo.gg analyzes every decision: build order, eco, micro, common mistakes by bracket. Personalized analysis on WhatsApp or Discord in 30 seconds.
Civ guide
Spanish
Perfil
Liereyy